TOP OF THE 1ST |
Durham Bulls batting - Pitching for Toledo Mud Hens : LHP Josh Thorpe
|
Pitching: LHP Josh Thorpe
|
|
Batting: RHB Alex Diaz
|
0-0: Called Strike 0-1: Ball 1-1: Foul Ball, location: 2F 1-2: Foul Ball, location: 2F 1-2: Foul Ball, location: 2F 1-2: Ball 2-2: Foul Ball, location: 2F 2-2: Ball 3-2: Strikes out looking
|
Batting: SHB Joey Pacheco
|
0-0: Swinging Strike 0-1: Foul Ball, location: 2F 0-2: Ball 1-2: Fly out, F9 (Flyball, 89M, EV 88.8 MPH)
|
Batting: RHB Jonathan Fraire
|
0-0: DOUBLE (Line Drive, 9LM, EV 104.4 MPH)
|
Batting: RHB Danny Diaz
|
0-0: Ball 1-0: SINGLE (Groundball, 4MD, EV 103.8 MPH) Jonathan Fraire to third Runner from 3rd tries for Home, SAFE, throw by CF to home
|
Batting: RHB David Ward
|
0-0: Ball 1-0: Ball 2-0: SINGLE (Groundball, 56D, EV 98.1 MPH) Danny Diaz to second
|
Batting: RHB Jose Arriola
|
0-0: Called Strike 0-1: SINGLE (Groundball, 56S, EV 67.5 MPH) (infield hit) Danny Diaz to third David Ward to second
|
Batting: RHB Antonio Pacheco
|
0-0: Called Strike 0-1: Called Strike 0-2: Strikes out swinging
|
Top of the 1st over - 1 run, 4 hits, 0 errors, 3 left on base; Durham 1 - Toledo 0 |
BOTTOM OF THE 1ST |
Toledo Mud Hens batting - Pitching for Durham Bulls : RHP Chet Tague
|
Pitching: RHP Chet Tague
|
|
Batting: RHB J.J. Basil
|
0-0: Swinging Strike 0-1: Fly out, F7 (Flyball, 7, EV 81.9 MPH)
|
Batting: RHB Aaron Cusick
|
0-0: Ball 1-0: Called Strike 1-1: Swinging Strike 1-2: Ball 2-2: Foul Ball, location: 2F 2-2: Ball 3-2: Strikes out swinging
|
Batting: LHB Bill Ford
|
0-0: Ball 1-0: Ball 2-0: Ground out 6-3 (Groundball, 6M, EV 82.5 MPH)
|
Bottom of the 1st over - 0 runs, 0 hits, 0 errors, 0 left on base; Durham 1 - Toledo 0 |
TOP OF THE 2ND |
Durham Bulls batting - Pitching for Toledo Mud Hens : LHP Josh Thorpe
|
Batting: RHB Sesto Carpini
|
0-0: Ball 1-0: Foul Ball, location: 2F 1-1: Called Strike 1-2: Fly out, F8 (Line Drive, 8LM, EV 92.5 MPH)
|
Batting: LHB Jake Rheaume
|
0-0: Ball 1-0: Swinging Strike 1-1: Ball 2-1: Foul Ball, location: 2F 2-2: Ball 3-2: SINGLE (Line Drive, 89S, EV 103.8 MPH)
|
Batting: RHB Alex Diaz
|
0-0: Ball 1-0: Ball Wild Pitch! Jake Rheaume to second 2-0: SINGLE (Flyball, 8RS, EV 95.0 MPH) Jake Rheaume to third Runner from 3rd tries for Home, throw by CF and OUT! 8-2 Alex Diaz to second
|
Batting: SHB Joey Pacheco
|
0-0: Called Strike 0-1: Ball 1-1: Ball 2-1: Ground out 5-3 (Groundball, 56, EV 105.6 MPH)
|
Top of the 2nd over - 0 runs, 2 hits, 0 errors, 1 left on base; Durham 1 - Toledo 0 |
BOTTOM OF THE 2ND |
Toledo Mud Hens batting - Pitching for Durham Bulls : RHP Chet Tague
|
Batting: LHB Jon Frederick
|
0-0: DOUBLE (Line Drive, 7LM, EV 92.5 MPH)
|
Batting: RHB Dan Becvar
|
0-0: Ball 1-0: Called Strike 1-1: Fly out, F9 (Flyball, 9, EV 83.8 MPH)
|
Batting: RHB Joel Miller
|
0-0: Ball 1-0: Ground out 6-3 (Groundball, 6, EV 80.0 MPH)
|
Batting: RHB Keith Hoffman
|
0-0: Foul Ball, location: 2F 0-1: Ball 1-1: Ball 2-1: Foul Ball, location: 2F 2-2: Strikes out swinging
|
Bottom of the 2nd over - 0 runs, 1 hit, 0 errors, 1 left on base; Durham 1 - Toledo 0 |
TOP OF THE 3RD |
Durham Bulls batting - Pitching for Toledo Mud Hens : LHP Josh Thorpe
|
Batting: RHB Jonathan Fraire
|
0-0: Ball 1-0: Ball 2-0: Foul Ball, location: 2F 2-1: Foul Ball, location: 2F 2-2: Ground out 6-3 (Groundball, 6, EV 83.8 MPH)
|
Batting: RHB Danny Diaz
|
0-0: Called Strike 0-1: Called Strike 0-2: Ball 1-2: Ball 2-2: Ground out 4-3 (Groundball, 4, EV 106.2 MPH)
|
Batting: RHB David Ward
|
0-0: Ball 1-0: Called Strike 1-1: Called Strike 1-2: Foul Ball, location: 2F 1-2: Ball 2-2: Ground out 5-3 (Groundball, 5L, EV 102.5 MPH)
|
Top of the 3rd over - 0 runs, 0 hits, 0 errors, 0 left on base; Durham 1 - Toledo 0 |
BOTTOM OF THE 3RD |
Toledo Mud Hens batting - Pitching for Durham Bulls : RHP Chet Tague
|
Batting: SHB Scott Bartholomew
|
0-0: Foul Ball, location: 2F 0-1: Called Strike 0-2: Ball 1-2: Foul Ball, location: 2F 1-2: Strikes out swinging
|
Batting: SHB Chris Wagler
|
0-0: Called Strike 0-1: Called Strike 0-2: Ball 1-2: Ball 2-2: SINGLE (Groundball, 34S, EV 65.6 MPH) (infield hit)
|
Batting: RHB J.J. Basil
|
0-0: Ball 1-0: SINGLE (Groundball, 25, EV 69.4 MPH) (infield hit) Chris Wagler to second
|
Batting: RHB Aaron Cusick
|
0-0: Foul Ball, location: 2F 0-1: Called Strike 0-2: Strikes out swinging
|
Batting: LHB Bill Ford
|
0-0: Ball 1-0: Ball 2-0: Ball 3-0: Base on Balls Chris Wagler to third J.J. Basil to second
|
Batting: LHB Jon Frederick
|
0-0: Ball 1-0: Ball Wild Pitch! Chris Wagler scores J.J. Basil to third Bill Ford to second 2-0: Called Strike 2-1: Foul Ball, location: 2F 2-2: Foul Ball, location: 2F 2-2: Foul Ball, location: 2F 2-2: Foul Ball, location: 2F 2-2: Ball 3-2: Strikes out looking
|
Bottom of the 3rd over - 1 run, 2 hits, 0 errors, 2 left on base; Durham 1 - Toledo 1 |
TOP OF THE 4TH |
Durham Bulls batting - Pitching for Toledo Mud Hens : LHP Josh Thorpe
|
Batting: RHB Jose Arriola
|
0-0: Ball 1-0: Ball 2-0: Called Strike 2-1: Foul Ball, location: 2F 2-2: Ball 3-2: Ground out 5-3 (Groundball, 56S, EV 85.6 MPH)
|
Batting: RHB Antonio Pacheco
|
0-0: Ball 1-0: Called Strike 1-1: Swinging Strike 1-2: Ground out 6-3 (Groundball, 6, EV 86.9 MPH)
|
Batting: RHB Sesto Carpini
|
0-0: Ball 1-0: Ball 2-0: Foul Ball, location: 2F 2-1: Ball 3-1: Swinging Strike 3-2: Base on Balls
|
Batting: LHB Jake Rheaume
|
0-0: Ball 1-0: Swinging Strike 1-1: Fly out, F9 (Flyball, 9LSF, EV 91.9 MPH)
|
Top of the 4th over - 0 runs, 0 hits, 0 errors, 1 left on base; Durham 1 - Toledo 1 |
BOTTOM OF THE 4TH |
Toledo Mud Hens batting - Pitching for Durham Bulls : RHP Chet Tague
|
Batting: RHB Dan Becvar
|
0-0: Called Strike 0-1: Ball 1-1: Swinging Strike 1-2: Foul Ball, location: 2F 1-2: Foul Ball, location: 2F 1-2: Foul Ball, location: 2F 1-2: Foul Ball, location: 2F 1-2: Ground out 4-3 (Groundball, 4, EV 105.6 MPH)
|
Batting: RHB Joel Miller
|
0-0: Ground out 6-3 (Groundball, 6, EV 89.4 MPH)
|
Batting: RHB Keith Hoffman
|
0-0: Called Strike 0-1: Ball 1-1: SINGLE (Popup, 56S, EV 79.4 MPH)
|
Batting: SHB Scott Bartholomew
|
0-0: SINGLE (Line Drive, 56, EV 97.5 MPH) Keith Hoffman to second
|
Batting: SHB Chris Wagler
|
0-0: Foul Ball, location: 2F 0-1: Ball 1-1: Called Strike 1-2: Ball 2-2: Foul Ball, location: 2F 2-2: Fly out, F5 (Popup, 5SF, EV 73.8 MPH)
|
Bottom of the 4th over - 0 runs, 2 hits, 0 errors, 2 left on base; Durham 1 - Toledo 1 |
TOP OF THE 5TH |
Durham Bulls batting - Pitching for Toledo Mud Hens : LHP Josh Thorpe
|
Batting: RHB Alex Diaz
|
0-0: Ball 1-0: Ball 2-0: Ball 3-0: Called Strike 3-1: Called Strike 3-2: Ground out 1-3 (Groundball, P, EV 66.2 MPH)
|
Batting: SHB Joey Pacheco
|
0-0: Foul Ball, location: 2F 0-1: Ball 1-1: Called Strike 1-2: Ball 2-2: Ball 3-2: Base on Balls
|
Batting: RHB Jonathan Fraire
|
0-0: Ball 1-0: Fly out, F9 (Flyball, 9, EV 87.5 MPH)
|
Batting: RHB Danny Diaz
|
0-0: Ball 1-0: TRIPLE (Flyball, 78XD, EV 103.1 MPH) Joey Pacheco scores
|
Batting: RHB David Ward
|
0-0: Swinging Strike 0-1: Foul Ball, location: 2F 0-2: Ball 1-2: Foul Ball, location: 2F 1-2: Strikes out swinging
|
Top of the 5th over - 1 run, 1 hit, 0 errors, 1 left on base; Durham 2 - Toledo 1 |
BOTTOM OF THE 5TH |
Toledo Mud Hens batting - Pitching for Durham Bulls : RHP Chet Tague
|
Batting: RHB J.J. Basil
|
0-0: Foul Ball, location: 2F 0-1: Ball 1-1: Ball 2-1: Foul Ball, location: 2F 2-2: Ground out 5-3 (Groundball, 56S, EV 89.4 MPH)
|
Batting: RHB Aaron Cusick
|
0-0: Ball 1-0: Called Strike 1-1: Ball 2-1: Called Strike 2-2: Ground out U3 (Groundball, 13, EV 88.8 MPH)
|
Batting: LHB Bill Ford
|
0-0: Foul Ball, location: 2F 0-1: Foul Ball, location: 2F 0-2: Strikes out swinging
|
Bottom of the 5th over - 0 runs, 0 hits, 0 errors, 0 left on base; Durham 2 - Toledo 1 |
TOP OF THE 6TH |
Durham Bulls batting - Pitching for Toledo Mud Hens : LHP Josh Thorpe
|
Batting: RHB Jose Arriola
|
0-0: Swinging Strike 0-1: Called Strike 0-2: Strikes out swinging
|
Batting: RHB Antonio Pacheco
|
0-0: Ball 1-0: Called Strike 1-1: Ball 2-1: Ball 3-1: Ground out 4-3 (Groundball, 4, EV 79.4 MPH)
|
Batting: RHB Sesto Carpini
|
0-0: Ball 1-0: Foul Ball, location: 2F 1-1: Swinging Strike 1-2: Ball 2-2: Foul Ball, location: 2F 2-2: Fly out, F9 (Line Drive, 9, EV 101.2 MPH)
|
Top of the 6th over - 0 runs, 0 hits, 0 errors, 0 left on base; Durham 2 - Toledo 1 |
BOTTOM OF THE 6TH |
Toledo Mud Hens batting - Pitching for Durham Bulls : RHP Chet Tague
|
Batting: LHB Jon Frederick
|
0-0: Fly out, F3 (Line Drive, 3, EV 68.8 MPH)
|
Batting: RHB Dan Becvar
|
0-0: Ball 1-0: Ball 2-0: DOUBLE (Flyball, 89D, EV 101.9 MPH)
|
Batting: RHB Joel Miller
|
0-0: Ground out U3 (Groundball, 3S, EV 91.2 MPH) Dan Becvar to third
|
Batting: RHB Keith Hoffman
|
0-0: Called Strike 0-1: Ground out 6-3 (Groundball, 6, EV 85.0 MPH)
|
Bottom of the 6th over - 0 runs, 1 hit, 0 errors, 1 left on base; Durham 2 - Toledo 1 |
TOP OF THE 7TH |
Durham Bulls batting - Pitching for Toledo Mud Hens : LHP Josh Thorpe
|
Pitching: LHP Bobby Jones
|
|
Batting: LHB Jake Rheaume
|
0-0: Ball 1-0: Ball 2-0: Ball 3-0: Called Strike 3-1: Foul Ball, location: 2F 3-2: Base on Balls
|
Batting: RHB Alex Diaz
|
0-0: Ball Jake Rheaume is caught stealing 2nd base 2-4 1-0: Foul Ball, location: 2F 1-1: Ball 2-1: Called Strike 2-2: Ball 3-2: SINGLE (Groundball, 6MD, EV 97.5 MPH)
|
Batting: SHB Joey Pacheco
|
0-0: Ball 1-0: Swinging Strike 1-1: Ball 2-1: Ball 3-1: Base on Balls Alex Diaz to second
|
Batting: RHB Jonathan Fraire
|
0-0: Called Strike 0-1: Foul Ball, location: 2F 0-2: Strikes out swinging
|
Batting: RHB Danny Diaz
|
0-0: Called Strike 0-1: Foul Ball, location: 2F 0-2: Ball 1-2: Foul Ball, location: 2F 1-2: Strikes out looking
|
Top of the 7th over - 0 runs, 1 hit, 0 errors, 2 left on base; Durham 2 - Toledo 1 |
BOTTOM OF THE 7TH |
Toledo Mud Hens batting - Pitching for Durham Bulls : RHP Chet Tague
|
Batting: SHB Scott Bartholomew
|
0-0: Called Strike 0-1: Foul Ball, location: 2F 0-2: Ball 1-2: Fly out, F9 (Line Drive, 9S, EV 105.6 MPH)
|
Batting: SHB Chris Wagler
|
0-0: Ball 1-0: Ball 2-0: DOUBLE (Flyball, 89D, EV 95.0 MPH)
|
Batting: RHB J.J. Basil
|
0-0: Reached on error, E6 (Groundball, 56D, EV 85.0 MPH) Chris Wagler scores
|
Batting: RHB Aaron Cusick
|
0-0: Ball 1-0: Ball 2-0: Ball 3-0: Called Strike 3-1: Base on Balls
|
Pitching: RHP Al Speer
|
|
Batting: LHB Bill Ford
|
0-0: Called Strike 0-1: Fly out, F4 (Popup, 34S, EV 86.9 MPH)
|
Batting: LHB Jon Frederick
|
0-0: Ball 1-0: Ball 2-0: Ball 3-0: Called Strike 3-1: Foul Ball, location: 2F 3-2: Strikes out swinging
|
Bottom of the 7th over - 1 run, 1 hit, 1 error, 2 left on base; Durham 2 - Toledo 2 |
TOP OF THE 8TH |
Durham Bulls batting - Pitching for Toledo Mud Hens : LHP Bobby Jones
|
Pitching: RHP Martin Murillo
|
|
Batting: RHB David Ward
|
0-0: Ball 1-0: Foul Ball, location: 2F 1-1: Fly out, F2 (Popup, 5SF, EV 89.4 MPH)
|
Batting: RHB Jose Arriola
|
0-0: Foul Ball, location: 2F 0-1: Called Strike 0-2: Ball 1-2: Strikes out swinging
|
Pinch Hitting: LHB Davion Lewis
|
0-0: Called Strike 0-1: Ground out 6-3 (Groundball, 6, EV 93.8 MPH)
|
Top of the 8th over - 0 runs, 0 hits, 0 errors, 0 left on base; Durham 2 - Toledo 2 |
BOTTOM OF THE 8TH |
Toledo Mud Hens batting - Pitching for Durham Bulls : RHP Al Speer
|
Now in LF: Davion Lewis
|
|
Batting: RHB Dan Becvar
|
0-0: Ball 1-0: Fly out, F2 (Popup, 2LF, EV 85.0 MPH)
|
Batting: RHB Joel Miller
|
0-0: Ball 1-0: SINGLE (Groundball, 6S, EV 97.5 MPH)
|
Batting: RHB Keith Hoffman
|
0-0: Called Strike 0-1: Swinging Strike 0-2: Ball 1-2: Ball 2-2: Ball 3-2: Strikes out looking
|
Batting: SHB Scott Bartholomew
|
0-0: Called Strike 0-1: Foul Ball, location: 2F 0-2: Ball 1-2: Ball 2-2: Ground out U3 (Groundball, 3S, EV 91.2 MPH)
|
Bottom of the 8th over - 0 runs, 1 hit, 0 errors, 1 left on base; Durham 2 - Toledo 2 |
TOP OF THE 9TH |
Durham Bulls batting - Pitching for Toledo Mud Hens : RHP Martin Murillo
|
Batting: RHB Sesto Carpini
|
0-0: Called Strike 0-1: Ball 1-1: Ball 2-1: SINGLE (Groundball, 5S, EV 61.2 MPH) (infield hit)
|
Batting: LHB Jake Rheaume
|
0-0: Ball 1-0: Ball 2-0: Ball 3-0: Called Strike 3-1: Ball Sesto Carpini to second
|
Batting: RHB Alex Diaz
|
0-0: Bunted foul 0-1: Bunt missed! 0-2: Strikes out looking
|
Batting: SHB Joey Pacheco
|
0-0: Swinging Strike 0-1: Ground out 5-3 (Groundball, 56S, EV 70.0 MPH) Sesto Carpini to third Jake Rheaume to second
|
Batting: RHB Jonathan Fraire
|
0-0: Intentional Walk
|
Batting: RHB Danny Diaz
|
0-0: Ball 1-0: Called Strike 1-1: Called Strike 1-2: Ground out 4-3 (Groundball, 4, EV 83.1 MPH)
|
Top of the 9th over - 0 runs, 1 hit, 0 errors, 3 left on base; Durham 2 - Toledo 2 |
BOTTOM OF THE 9TH |
Toledo Mud Hens batting - Pitching for Durham Bulls : RHP Al Speer
|
Pitching: RHP Cody Wilharm
|
|
Batting: SHB Chris Wagler
|
0-0: Ball 1-0: Called Strike 1-1: Foul Ball, location: 2F 1-2: Strikes out looking
|
Batting: RHB J.J. Basil
|
0-0: Fly out, F7 (Flyball, 7, EV 88.1 MPH)
|
Batting: RHB Aaron Cusick
|
0-0: Ball 1-0: Foul Ball, location: 2F 1-1: Ground out 6-3 (Groundball, 6M, EV 96.9 MPH)
|
Bottom of the 9th over - 0 runs, 0 hits, 0 errors, 0 left on base; Durham 2 - Toledo 2 |
TOP OF THE 10TH |
Durham Bulls batting - Pitching for Toledo Mud Hens : RHP Martin Murillo
|
Pitching: RHP Jason Mucci
|
|
Batting: RHB David Ward
|
0-0: Ball 1-0: Ball 2-0: Ball 3-0: Base on Balls
|
Batting: RHB Jose Arriola
|
0-0: Bunted foul 0-1: Called Strike 0-2: Ball 1-2: Strikes out swinging
|
Batting: LHB Davion Lewis
|
0-0: SINGLE (Groundball, 34D, EV 100.6 MPH) David Ward to second Runner from 2nd tries for 3rd, OUT! 9-5
|
Batting: RHB Sesto Carpini
|
0-0: Called Strike 0-1: Foul Ball, location: 2F 0-2: Ball 1-2: Strikes out swinging
|
Top of the 10th over - 0 runs, 1 hit, 0 errors, 1 left on base; Durham 2 - Toledo 2 |
BOTTOM OF THE 10TH |
Toledo Mud Hens batting - Pitching for Durham Bulls : RHP Cody Wilharm
|
Batting: LHB Bill Ford
|
0-0: Foul Ball, location: 2F 0-1: Foul Ball, location: 2F 0-2: Ball 1-2: Strikes out swinging
|
Batting: LHB Jon Frederick
|
0-0: Called Strike 0-1: Ball 1-1: Ball 2-1: Foul Ball, location: 2F 2-2: Foul Ball, location: 2F 2-2: Foul Ball, location: 2F 2-2: Ground out U3 (Groundball, 34, EV 78.1 MPH)
|
Batting: RHB Dan Becvar
|
0-0: Ball 1-0: SINGLE (Groundball, 34D, EV 107.5 MPH)
|
Batting: RHB Joel Miller
|
0-0: Called Strike 0-1: Swinging Strike 0-2: Ball 1-2: Strikes out swinging
|
Bottom of the 10th over - 0 runs, 1 hit, 0 errors, 1 left on base; Durham 2 - Toledo 2 |
TOP OF THE 11TH |
Durham Bulls batting - Pitching for Toledo Mud Hens : RHP Jason Mucci
|
Batting: LHB Jake Rheaume
|
0-0: Called Strike 0-1: Ball 1-1: Ball 2-1: Called Strike 2-2: Strikes out looking
|
Batting: RHB Alex Diaz
|
0-0: Called Strike 0-1: Called Strike 0-2: Ball 1-2: Ball 2-2: Strikes out swinging
|
Batting: SHB Joey Pacheco
|
0-0: Ball 1-0: Ball 2-0: Swinging Strike 2-1: Ball 3-1: Base on Balls
|
Batting: RHB Jonathan Fraire
|
0-0: Called Strike Joey Pacheco is caught stealing 2nd base 2-4
|
Top of the 11th over - 0 runs, 0 hits, 0 errors, 0 left on base; Durham 2 - Toledo 2 |
BOTTOM OF THE 11TH |
Toledo Mud Hens batting - Pitching for Durham Bulls : RHP Cody Wilharm
|
Pitching: LHP Parker Martinet
|
|
Batting: RHB Keith Hoffman
|
0-0: Ball 1-0: Ball 2-0: Ball 3-0: Ground out 5-3 (Groundball, 56, EV 81.2 MPH)
|
Batting: SHB Scott Bartholomew
|
0-0: Called Strike 0-1: Ball 1-1: Fly out, F8 (Flyball, 8LM, EV 90.6 MPH)
|
Batting: SHB Chris Wagler
|
0-0: SINGLE (Line Drive, 34, EV 96.2 MPH)
|
Batting: RHB J.J. Basil
|
0-0: DOUBLE (Groundball, 5L, EV 101.2 MPH) Chris Wagler to third Runner from 3rd tries for Home, throw by LF and OUT! 7-6-2
|
Bottom of the 11th over - 0 runs, 2 hits, 0 errors, 1 left on base; Durham 2 - Toledo 2 |
TOP OF THE 12TH |
Durham Bulls batting - Pitching for Toledo Mud Hens : RHP Jason Mucci
|
Batting: RHB Jonathan Fraire
|
0-0: Ball 1-0: SINGLE (Flyball, 9LS, EV 98.8 MPH)
|
Batting: RHB Danny Diaz
|
0-0: Ball 1-0: Called Strike Jonathan Fraire steals 2nd base 1-1: Called Strike 1-2: Foul Ball, location: 2F 1-2: Ground out 5-3 (Groundball, 56, EV 85.6 MPH)
|
Batting: RHB David Ward
|
0-0: Ball 1-0: Called Strike 1-1: Foul Ball, location: 2F 1-2: Ball 2-2: Ball 3-2: Base on Balls
|
Batting: SHB Brett McEwen
|
0-0: Ball 1-0: Called Strike 1-1: Foul Ball, location: 2F 1-2: Ball 2-2: Ball 3-2: Foul Ball, location: 2F 3-2: Foul Ball, location: 2F 3-2: Foul Ball, location: 2F 3-2: Foul Ball, location: 2F 3-2: Base on Balls Jonathan Fraire to third David Ward to second
|
Pitching: RHP Luis Brown
|
|
Batting: LHB Davion Lewis
|
0-0: Foul Ball, location: 2F 0-1: Ball 1-1: Foul Ball, location: 2F 1-2: Foul Ball, location: 2F 1-2: Foul Ball, location: 2F 1-2: Ball 2-2: Grounds into fielders choice 4-2 (Groundball, 4, EV 103.8 MPH) David Ward to third Brett McEwen to second
|
Batting: RHB Sesto Carpini
|
0-0: Ball 1-0: Ball 2-0: Called Strike 2-1: Fielders Choice at 2nd, 6-4 (Groundball, 6, EV 78.8 MPH)
|
Top of the 12th over - 0 runs, 1 hit, 0 errors, 3 left on base; Durham 2 - Toledo 2 |
BOTTOM OF THE 12TH |
Toledo Mud Hens batting - Pitching for Durham Bulls : LHP Parker Martinet
|
Batting: RHB Aaron Cusick
|
0-0: Ball 1-0: Ball 2-0: Called Strike 2-1: Ball 3-1: Called Strike 3-2: Base on Balls
|
Batting: LHB Bill Ford
|
0-0: Called Strike 0-1: Ball 1-1: Foul Ball, location: 2F 1-2: Ball 2-2: Ball 3-2: Fly out, F7 (Line Drive, 7S, EV 92.5 MPH)
|
Batting: LHB Jon Frederick
|
0-0: Called Strike 0-1: Ball 1-1: Ball 2-1: Foul Ball, location: 2F 2-2: Ball 3-2: Fly out, F8 (Flyball, 8LXD, EV 81.2 MPH)
|
Batting: RHB Dan Becvar
|
0-0: Foul Ball, location: 2F 0-1: Foul Ball, location: 2F 0-2: Ball 1-2: Ball 2-2: Ball 3-2: Strikes out swinging
|
Bottom of the 12th over - 0 runs, 0 hits, 0 errors, 1 left on base; Durham 2 - Toledo 2 |
TOP OF THE 13TH |
Durham Bulls batting - Pitching for Toledo Mud Hens : RHP Luis Brown
|
Batting: LHB Jake Rheaume
|
0-0: Ball 1-0: Foul Ball, location: 2F 1-1: Foul Ball, location: 2F 1-2: Ball 2-2: Strikes out swinging
|
Batting: RHB Alex Diaz
|
0-0: Foul Ball, location: 2F 0-1: Ball 1-1: Fly out, F8 (Line Drive, 8RD, EV 86.2 MPH)
|
Batting: SHB Joey Pacheco
|
0-0: Foul Ball, location: 2F 0-1: Foul Ball, location: 2F 0-2: Ball 1-2: Fly out, F8 (Line Drive, 89M, EV 104.4 MPH)
|
Top of the 13th over - 0 runs, 0 hits, 0 errors, 0 left on base; Durham 2 - Toledo 2 |
BOTTOM OF THE 13TH |
Toledo Mud Hens batting - Pitching for Durham Bulls : LHP Parker Martinet
|
Batting: RHB Joel Miller
|
0-0: Swinging Strike 0-1: Foul Ball, location: 2F 0-2: Ball 1-2: Ball 2-2: Ball 3-2: Foul Ball, location: 2F 3-2: Foul Ball, location: 2F 3-2: Strikes out looking
|
Batting: RHB Keith Hoffman
|
0-0: Ball 1-0: Fly out, F9 (Flyball, 89M, EV 89.4 MPH)
|
Batting: SHB Scott Bartholomew
|
0-0: Called Strike 0-1: Foul Ball, location: 2F 0-2: Ball 1-2: Hit by Pitch
|
Pitching: LHP Sam Wesman
|
|
Batting: SHB Chris Wagler
|
0-0: SINGLE (Flyball, 34D, EV 95.0 MPH) Scott Bartholomew to second Runner from 2nd tries for 3rd, OUT! 9-5
|
Bottom of the 13th over - 0 runs, 1 hit, 0 errors, 1 left on base; Durham 2 - Toledo 2 |
TOP OF THE 14TH |
Durham Bulls batting - Pitching for Toledo Mud Hens : RHP Luis Brown
|
Batting: RHB Jonathan Fraire
|
0-0: Ball 1-0: Called Strike 1-1: Ball 2-1: Called Strike 2-2: Ball 3-2: SINGLE (Groundball, 6S, EV 72.5 MPH) (infield hit)
|
Batting: RHB Danny Diaz
|
0-0: Called Strike Jonathan Fraire steals 2nd base 0-1: Foul Ball, location: 2F 0-2: Ball 1-2: Ball 2-2: Ground out 4-3 (Groundball, 4, EV 102.5 MPH) Jonathan Fraire to third
|
Batting: RHB David Ward
|
0-0: Ball 1-0: Swinging Strike 1-1: Swinging Strike 1-2: Strikes out swinging
|
Pitching: RHP Roberto Benavides
|
|
Batting: SHB Brett McEwen
|
0-0: SINGLE (Line Drive, 78S, EV 91.9 MPH) Jonathan Fraire scores
|
Batting: LHB Davion Lewis
|
0-0: Called Strike 0-1: Swinging Strike 0-2: Ball 1-2: Strikes out swinging
|
Top of the 14th over - 1 run, 2 hits, 0 errors, 1 left on base; Durham 3 - Toledo 2 |
BOTTOM OF THE 14TH |
Toledo Mud Hens batting - Pitching for Durham Bulls : LHP Sam Wesman
|
Batting: RHB J.J. Basil
|
0-0: Ball 1-0: Foul Ball, location: 2F 1-1: Ball 2-1: Foul Ball, location: 2F 2-2: Ball 3-2: Foul Ball, location: 2F 3-2: Base on Balls
|
Batting: RHB Aaron Cusick
|
0-0: Sac Bunt to 15S - play at first, batter OUT! 1-3 J.J. Basil to second
|
Batting: LHB Bill Ford
|
0-0: Foul Ball, location: 2F 0-1: Ball 1-1: Called Strike 1-2: Ball 2-2: Ball 3-2: Base on Balls
|
Pinch Hitting: RHB Willis Morales
|
0-0: Called Strike 0-1: Ball 1-1: Ball 2-1: Ball 3-1: Foul Ball, location: 2F 3-2: Foul Ball, location: 2F 3-2: Foul Ball, location: 2F 3-2: Foul Ball, location: 2F 3-2: Strikes out looking
|
Batting: RHB Dan Becvar
|
0-0: Ball 1-0: Called Strike 1-1: Ball 2-1: Swinging Strike 2-2: Foul Ball, location: 2F 2-2: Foul Ball, location: 2F 2-2: Ball 3-2: Strikes out swinging
|
Bottom of the 14th over - 0 runs, 0 hits, 0 errors, 2 left on base; Durham 3 - Toledo 2 |
|